 Dungeon Crawl Stone Soup version 0.31.0-9-g3a7656b989 (webtiles) character file.

Game seed: 6830870929732954287

1145 qw the Skirmisher (level 8, -6/39 HPs)
             Began as a Spriggan Hunter on Feb 2, 2024.
             Was a Follower of Okawaru.
             Constricted to death by Maggie (10 damage)
             ... on level 6 of the Dungeon.
             The game lasted 00:00:20 (4884 turns).

qw the Skirmisher (Spriggan Hunter)                 Turns: 4884, Time: 00:00:20

Health: -6/39      AC:  3    Str:  7    XL:     8   Next: 15%
Magic:  11/12      EV: 25    Int: 10    God:    Okawaru [*.....]
Gold:   279        SH:  0    Dex: 21    Spells: 7/7 levels left

rFire   . . .        a - +1 shortbow (flame)
rCold   . . .        (shield currently unavailable)
rNeg    . . .        c - +0 robe
rPois   .            (helmet restricted)
rElec   .            b - +0 cloak
rCorr   .            (gloves unavailable)
SInv    +            (boots unavailable)
Will    ++...        (no amulet)
Stlth   ++++         h - ring of willpower
HPRegen 0.26/turn    (no ring)
MPRegen 0.13/turn

%: no passive effects
@: heroic, grasped by roots, constricted, very quick
A: very small, no large weapons, unfitting armour, see invisible, speed 3
a: Renounce Religion, Heroism


You were on level 6 of the Dungeon.
You worshipped Okawaru.
Okawaru was aware of your devotion.
You visited 1 branch of the dungeon, and saw 7 of its levels.

You collected 279 gold pieces.


Innate Abilities, Weirdness & Mutations

You are very small and have problems with some larger weapons.
You are too small for most types of armour.
You have supernaturally acute eyesight. (SInv)
You cover ground extremely quickly. (Speed+++)


   Skills:
 - Level 2.0(7.0) Fighting
 - Level 8.0(13.0) Ranged Weapons
 + Level 7.1(12.1) Dodging
 - Level 1.5(6.5) Stealth
 - Level 4.0 Invocations


You had 7 spell levels left.
You didn't know any spells.
Your spell library was empty.

Inventory:

Hand Weapons
 a - a +1 shortbow of flaming (weapon)
Armour
 b - a +0 cloak (worn)
 c - a +0 robe (worn)
Jewellery
 h - a ring of willpower (left hand)
Wands
 e - a wand of flame (13)
 l - a wand of roots (8)
Scrolls
 k - a scroll of identify
Potions
 d - a potion of might
 f - 2 potions of curing
 i - a potion of enlightenment
 j - 2 potions of haste

Dungeon Overview and Level Annotations

Branches:
Dungeon (7/15)             Temple (0/1) D:5

Altars:
Cheibriados
Elyvilon
Fedhas
Hepliaklqana
Makhleb
Okawaru
Vehumet
Wu Jian
The Shining One

Annotations:
D:5 1 runed translucent door
D:6 Maggie


Message History

Maggie is lightly wounded.
Maggie zaps a wand.
The roots erupt in riotous growth!
The grasping roots grab you! The grasping roots constrict you.
You shoot an arrow. The arrow hits Maggie!
The arrow burns Maggie.
Maggie is moderately wounded.
The roots lose their grip on you.
You start resting.
Maggie is nearby!
You shoot an arrow. The arrow hits Maggie.
The arrow burns Maggie.
Maggie is heavily wounded.
Maggie zaps a wand.
The roots erupt in riotous growth!
The grasping roots grab you! The grasping roots constrict you.
You shoot an arrow. The arrow hits Maggie.
The arrow burns Maggie.
Maggie is heavily wounded.
You shoot an arrow. The arrow hits Maggie.
The arrow burns Maggie.
Maggie is heavily wounded.
The grasping roots constrict you.
The grasping roots release their grip on you.
You shoot an arrow. The arrow completely misses Maggie.
Maggie zaps a wand.
The roots erupt in riotous growth!
The grasping roots grab you! The grasping roots constrict you.
You shoot an arrow. The arrow hits Maggie!
The arrow burns Maggie.
Maggie is almost dead.
Maggie gestures wildly while chanting.
Maggie attempts to bespell you! You resist with almost no effort.
The grasping roots constrict you.
You shoot an arrow. The arrow barely misses Maggie.
The grasping roots release their grip on you.
You shoot an arrow. The arrow barely misses Maggie.
Maggie zaps a wand.
The roots erupt in riotous growth!
The grasping roots grab you! The grasping roots constrict you.
You shoot an arrow. The arrow closely misses Maggie.
The grasping roots constrict you.
You shoot an arrow. The arrow closely misses Maggie.
The grasping roots constrict you!
You die...

.................#.######
......##.........#.#
#.....##.........#.#
#.....##.#...##+##.#
####.###.#......##.#
...### #.#...#..##.# #..#
###.#...#..##.#
#..###.?.......@#[.#
................@)##
..<....####.#######
.......# #.....# ##.###.#
#.....# #.# #.# #.....#
#.# #.# #.....# #.# #.#
##'##### #.# #.###......#
##.# #..........#


You could see Maggie.

Vanquished Creatures
  A water moccasin (D:6)
  A bullfrog (D:6)
  A scorpion (D:5)
  5 wights (D:6)
  A howler monkey (D:6)
  2 bombardier beetles (D:5)
  A jelly (D:4)
  A gnoll bouda (D:6)
  2 orc priests
  A sleepcap (D:6)
  A hound (D:5)
  3 iguanas (D:5)
  2 orc wizards
  3 gnolls
  8 adders
  6 ufetubi
  3 ribbon worms
  4 dart slugs
  8 orcs
  6 endoplasms
  2 giant cockroaches
  9 goblins
  7 hobgoblins
  2 jackals (D:5)
  4 quokkas
  9 ball pythons
  10 bats
  3 frilled lizards
  10 kobolds
  5 rats
121 creatures vanquished.

Notes
Turn   | Place    | Note
-------+----------+-------------------------------------------
     0 | D:1      | qw the Spriggan Hunter began the quest for the Orb.
     0 | D:1      | Reached XP level 1. HP: 10/10 MP: 2/2
     0 | D:1      | 0 ||| qw: Version: 0.3-a-155-g5e7d8dd
     0 | D:1      | 0 ||| qw: Game counter: 2346
     0 | D:1      | 0 ||| qw: Melee chars always use a shield: true
     0 | D:1      | 0 ||| qw: God list: Okawaru
     0 | D:1      | 0 ||| qw: Allow faded altars: false
     0 | D:1      | 0 ||| qw: Do Orc after clearing Dungeon:15 true
     0 | D:1      | 0 ||| qw: Do second Lair branch before Depths: true
     0 | D:1      | 0 ||| qw: Lair rune preference: random
     0 | D:1      | 0 ||| qw: Goals: Normal
     0 | D:1      | 0 ||| PLANNING D:1-11
    12 | D:1      | Reached skill level 3 in Dodging
   188 | D:1      | Reached XP level 2. HP: 14/14 MP: 3/3
   666 | D:1      | 666 ||| READING scroll labelled TEPUNWILUI.
   666 | D:1      | 666 ||| IDENTIFYING fizzy emerald potion
   667 | D:1      | 667 ||| READING scroll labelled HULAMY TYCUEQY.
   667 | D:1      | 667 ||| BRANDING +0 shortbow.
   668 | D:1      | 668 ||| DRINKING 2 amethyst potions.
   669 | D:1      | 669 ||| DROPPING scroll of butterflies.
   748 | D:2      | Reached XP level 3. HP: 18/18 MP: 4/4
   798 | D:2      | 798 ||| FLEEEEING.
  1102 | D:2      | 1102 ||| READING scroll of brand weapon.
  1102 | D:2      | 1102 ||| BRANDING +0 shortbow of draining.
  1108 | D:2      | Found a hazy altar of Hepliaklqana.
  1123 | D:2      | Reached skill level 5 in Ranged Weapons
  1371 | D:2      | 1371 ||| READING 2 scrolls of identify.
  1371 | D:2      | 1371 ||| IDENTIFYING puce potion
  1372 | D:2      | 1372 ||| READING scroll of identify.
  1372 | D:2      | 1372 ||| IDENTIFYING sedimented emerald potion
  1373 | D:2      | 1373 ||| READING scroll labelled ETEH UPTADOGH.
  1374 | D:2      | 1374 ||| READING scroll labelled ETHROA YKIR.
  1375 | D:2      | 1375 ||| DROPPING potion of attraction.
  1427 | D:3      | Reached XP level 4. HP: 22/22 MP: 5/5
  1509 | D:3      | Found a white marble altar of Elyvilon.
  1737 | D:3      | Found an ornate altar of the Wu Jian Council.
  2109 | D:3      | 2109 ||| UPGRADING to +0 cloak.
  2114 | D:3      | 2114 ||| READING 2 scrolls of identify.
  2114 | D:3      | 2114 ||| IDENTIFYING metallic ruby potion
  2115 | D:3      | 2115 ||| READING scroll of identify.
  2115 | D:3      | 2115 ||| IDENTIFYING fizzy dark potion
  2116 | D:3      | 2116 ||| READING scroll labelled DEUDGHE HARAFF.
  2116 | D:3      | 2116 ||| ENCHANTING +0 shortbow of flaming.
  2117 | D:3      | 2117 ||| READING scroll labelled GAOL ENNAUT.
  2118 | D:3      | 2118 ||| DROPPING potion of degeneration.
  2148 | D:4      | Reached XP level 5. HP: 26/26 MP: 6/6
  2175 | D:4      | Found a radiant altar of Vehumet.
  2389 | D:4      | Reached skill level 6 in Ranged Weapons
  2410 | D:4      | Found a blossoming altar of Fedhas.
  2912 | D:4      | 2912 ||| UPGRADING to ring of willpower.
  2913 | D:4      | 2913 ||| READING scroll labelled HACRU ECEICI.
  2932 | D:5      | Entered Level 5 of the Dungeon
  2991 | D:5      | Reached XP level 6. HP: 30/30 MP: 7/7
  3096 | D:5      | Found an iron altar of Okawaru.
  3097 | D:5      | 3097 ||| PLANNING OKAWARU WORSHIP
  3098 | D:5      | Found a runed translucent door.
  3102 | D:5      | Found the +0 toga "Victory" {*Victory Clar}
  3104 | D:5      | Became a worshipper of Warmaster Okawaru
  3105 | D:5      | 3105 ||| PLANNING D:1-11
  3240 | D:5      | Reached skill level 6 in Dodging
  3242 | D:5      | Found a staircase to the Ecumenical Temple.
  3544 | D:5      | Reached skill level 7 in Ranged Weapons
  3580 | D:5      | Reached * piety under Okawaru
  3581 | D:5      | Reached XP level 7. HP: 35/35 MP: 8/8
  3586 | D:5      | Found a glowing golden altar of the Shining One.
  3805 | D:5      | Found a burning altar of Makhleb.
  3805 | D:5      | Noticed a green death
  3951 | D:5      | 3951 ||| READING scroll of identify.
  3951 | D:5      | 3951 ||| IDENTIFYING 2 cyan potions
  3952 | D:5      | 3952 ||| READING scroll labelled BOIBEO PILEXZI.
  3953 | D:5      | 3953 ||| READING scroll labelled UTHAAKHL TAPLU.
  4163 | D:6      | Reached skill level 1 in Invocations
  4220 | D:6      | Noticed Maggie
  4221 | D:6      | 4221 ||| INVOKING Heroism.
  4227 | D:6      | HP: 7/35 [constriction (7)]
  4228 | D:6      | 4228 ||| READING scroll of teleportation.
  4229 | D:6      | 4229 ||| DRINKING 2 potions of heal wounds.
  4413 | D:6      | Found a snail-covered altar of Cheibriados.
  4435 | D:6      | Reached skill level 3 in Invocations
  4467 | D:6      | HP: 5/33 [wight/+2 spear of freezing (9)]
  4468 | D:6      | 4468 ||| READING scroll of teleportation.
  4469 | D:6      | 4469 ||| DRINKING potion of heal wounds.
  4470 | D:6      | 4470 ||| RETREEEEATING.
  4695 | D:6      | Reached XP level 8. HP: 39/39 MP: 11/11
  4827 | D:7      | 4827 ||| STAIRDANCE
  4832 | D:6      | Reached skill level 8 in Ranged Weapons
  4834 | D:7      | 4834 ||| STAIRDANCE
  4871 | D:6      | 4871 ||| INVOKING Heroism.
  4882 | D:6      | HP: 9/39 [constriction (5)]
  4883 | D:6      | HP: 4/39 [constriction (5)]
  4884 | D:6      | Constricted to death by Maggie

Levels and vault maps discovered:
D:1:      eino_arrival_cavern_d, layout_loops_ring
D:2:      layout_loops_cross, basic_altar, corexii_hall_statues_l
D:3:      minmay_diamond_boxcup, layout_basic, elyvilon_altar_5,
          nzn_wu_jian_contemplation
D:4:      nicolae_cairo_tiling, layout_basic, vehumet_altar_wand_db,
          fedhas_altar_4, serial_bayou, serial_bayou_ford_a,
          serial_bayou_crossing, dreamdust_princess_corridor
D:5:      layout_loops_ring, makhleb_altar_promises_db,
          nicolae_tso_carved_into_rock,
          nicolae_overflow_guarded_unrand_okawaru_victory,
          minmay_temple_entry_purple_smoke, nicolae_zig_zag_zippers
D:6:      layout_basic, mainiacjoe_overflow_catwalk, uniq_maggie
D:7:      layout_rooms, serial_shops, nicolae_shop_waterfront

Skill      XL: |  1  2  3  4  5  6  7  8 |
---------------+-------------------------+-----
Dodging        | 3 4 5 6 7 |  7.1
Ranged Weapons | 5 6 7 8 |  8.0
Fighting       | 2 |  2.0
Invocations    | 3 4 |  4.0
Stealth        | |  1.5

Action                     |  1- 3 |  4- 6 |  7- 9 || total
---------------------------+-------+-------+-------++-------
   Fire: Shortbow          |   113 |   140 |   135 ||   388
 Invoke: Heroism           |       |       |     2 ||     2
    Use: Scroll            |     7 |     5 |     5 ||    17
         Potion            |     1 |       |     2 ||     3
 Armour: Robe              |     9 |    12 |    11 ||    32
  Dodge: Dodged            |    26 |    32 |    39 ||    97

Table legend:
 A = Non-vault XP
 B = Vault XP
 C = Vault XP percentage of total XP
 D = Non-vault monster count
 E = Vault monster count
 F = Vault count percentage of total count
                 A         B        C        D         E       F
            +---------+---------+-------+---------+---------+-------
      Total |    1609 |      28 |   1.7 |     112 |       9 |   7.4
            +---------+---------+-------+---------+---------+-------
        D:1 |      35 |       0 |   0.0 |      19 |       0 |   0.0
        D:2 |      55 |       0 |   0.0 |      24 |       0 |   0.0
        D:3 |      66 |      26 |  28.3 |      18 |       8 |  30.8
        D:4 |     155 |       2 |   1.3 |      12 |       1 |   7.7
        D:5 |     434 |       0 |   0.0 |      19 |       0 |   0.0
        D:6 |     837 |       0 |   0.0 |      18 |       0 |   0.0
        D:7 |      27 |       0 |   0.0 |       2 |       0 |   0.0
            +---------+---------+-------+---------+---------+-------
